TOP OF THE 1ST |
Elizabethton Twins batting - Pitching for Greeneville Astros : LHP Mike Holloway
|
Pitching: LHP Mike Holloway
|
|
Batting: RHB Nick Phipps
|
0-0: Ball 1-0: Ball 2-0: Ball 3-0: Base on Balls
|
Batting: LHB David Campbell
|
0-0: Ball Nick Phipps is caught stealing 2nd base 2-6 1-0: SINGLE (Line Drive, 8LS, EV 106.2 MPH)
|
Batting: RHB Andrew Nicol
|
0-0: Ball 1-0: Called Strike 1-1: SINGLE (Groundball, 5S, EV 66.9 MPH) (infield hit) David Campbell to second
|
Batting: SHB Dan Morataya
|
0-0: Ball 1-0: Foul Ball, location: 2F 1-1: Fly out, F6 (Line Drive, 6, EV 66.2 MPH) Lined into DP, 6-4 (Line Drive, 6, EV 68.1 MPH)
|
Top of the 1st over - 0 runs, 2 hits, 0 errors, 1 left on base; Elizabethton 0 - Greeneville 0 |
BOTTOM OF THE 1ST |
Greeneville Astros batting - Pitching for Elizabethton Twins : RHP Andrew Rich
|
Pitching: RHP Andrew Rich
|
|
Batting: LHB Bruce Arvizu
|
0-0: Called Strike 0-1: Ball 1-1: Foul Ball, location: 2F 1-2: Fly out, F6 (Line Drive, 6, EV 63.1 MPH)
|
Batting: LHB Danny Wolver
|
0-0: Called Strike 0-1: DOUBLE (Groundball, 5L, EV 101.9 MPH)
|
Batting: LHB Josh Birkner
|
0-0: Called Strike 0-1: Ball 1-1: Ball 2-1: Foul Ball, location: 2F 2-2: Hit by Pitch
|
Batting: SHB Chris Keziah
|
0-0: Called Strike 0-1: Ball 1-1: Ball 2-1: Ball 3-1: SINGLE (Line Drive, 7LS, EV 105.6 MPH) Danny Wolver to third Josh Birkner to second
|
Batting: RHB Nate Britton
|
0-0: Ball 1-0: Ball 2-0: Foul Ball, location: 2F 2-1: Ground out U3 (Groundball, 3S, EV 64.4 MPH) Danny Wolver scores Josh Birkner to third Chris Keziah to second
|
Batting: RHB Andrew Pride
|
0-0: Ball 1-0: Called Strike 1-1: Foul Ball, location: 2F 1-2: Ball 2-2: Foul Ball, location: 2F 2-2: Strikes out looking
|
Bottom of the 1st over - 1 run, 2 hits, 0 errors, 2 left on base; Elizabethton 0 - Greeneville 1 |
TOP OF THE 2ND |
Elizabethton Twins batting - Pitching for Greeneville Astros : LHP Mike Holloway
|
Batting: RHB Rick Kendall
|
0-0: Ball 1-0: Ball 2-0: Called Strike 2-1: Called Strike 2-2: Strikes out looking
|
Batting: SHB Chris Hull
|
0-0: Called Strike 0-1: Ball 1-1: Foul Ball, location: 2F 1-2: SINGLE (Groundball, 56S, EV 68.1 MPH) (infield hit)
|
Batting: RHB Jon Hice
|
0-0: Fielders Choice at 2nd, 5-4 (Groundball, 56, EV 91.2 MPH)
|
Batting: RHB Alex Belton
|
0-0: Ball 1-0: SINGLE (Groundball, 56D, EV 101.9 MPH) Jon Hice to second
|
Batting: RHB Aaron Dusch
|
0-0: SINGLE (Groundball, 4D, EV 98.1 MPH) Jon Hice to third Alex Belton to second Runner from 3rd tries for Home, throw by CF and OUT! 8-2
|
Top of the 2nd over - 0 runs, 3 hits, 0 errors, 2 left on base; Elizabethton 0 - Greeneville 1 |
BOTTOM OF THE 2ND |
Greeneville Astros batting - Pitching for Elizabethton Twins : RHP Andrew Rich
|
Batting: SHB Miguel Sierra
|
0-0: Hit by Pitch
|
Batting: RHB To-wai Chen
|
0-0: Ball 1-0: Ball Miguel Sierra steals 2nd base 2-0: Foul Ball, location: 2F 2-1: Ball 3-1: Foul Ball, location: 2F 3-2: Strikes out swinging
|
Batting: RHB Guo-ning Chen
|
0-0: Ball 1-0: Ball 2-0: Ball 3-0: Called Strike 3-1: Base on Balls
|
Batting: LHB Bruce Arvizu
|
0-0: Ball 1-0: Foul Ball, location: 2F 1-1: Ball 2-1: Swinging Strike 2-2: Foul Ball, location: 2F 2-2: Fly out, F9 (Flyball, 9LM, EV 93.8 MPH)
|
Batting: LHB Danny Wolver
|
0-0: Ball 1-0: Ground out 4-3 (Groundball, 4, EV 86.2 MPH)
|
Bottom of the 2nd over - 0 runs, 0 hits, 0 errors, 2 left on base; Elizabethton 0 - Greeneville 1 |
TOP OF THE 3RD |
Elizabethton Twins batting - Pitching for Greeneville Astros : LHP Mike Holloway
|
Batting: RHB Nick Phipps
|
0-0: Ball 1-0: Ground out 4-3 (Groundball, 4M, EV 102.5 MPH)
|
Batting: LHB David Campbell
|
0-0: Fly out, F9 (Line Drive, 9D, EV 98.1 MPH)
|
Batting: RHB Andrew Nicol
|
0-0: Called Strike 0-1: Ground out 4-3 (Groundball, 4, EV 81.9 MPH)
|
Top of the 3rd over - 0 runs, 0 hits, 0 errors, 0 left on base; Elizabethton 0 - Greeneville 1 |
BOTTOM OF THE 3RD |
Greeneville Astros batting - Pitching for Elizabethton Twins : RHP Andrew Rich
|
Batting: LHB Josh Birkner
|
0-0: Called Strike 0-1: Ball 1-1: Ball 2-1: Ball 3-1: Base on Balls
|
Batting: SHB Chris Keziah
|
0-0: Ball 1-0: Called Strike 1-1: Foul Ball, location: 2F 1-2: Foul Ball, location: 2F 1-2: DOUBLE (Line Drive, 78M, EV 90.6 MPH) Josh Birkner to third Runner from 3rd tries for Home, SAFE, throw by LF to home
|
Batting: RHB Nate Britton
|
0-0: Ball 1-0: Called Strike 1-1: Foul Ball, location: 2F 1-2: Foul Ball, location: 2F 1-2: Ball 2-2: Ground out 6-3 (Groundball, 6, EV 92.5 MPH)
|
Batting: RHB Andrew Pride
|
0-0: Ball Chris Keziah steals 3rd, throwing error, E2 Chris Keziah scores 1-0: Ball 2-0: Fly out, F9 (Flyball, 9D, EV 98.1 MPH)
|
Batting: SHB Miguel Sierra
|
0-0: Ball 1-0: Ball 2-0: SINGLE (Groundball, 4MD, EV 96.2 MPH)
|
Batting: RHB To-wai Chen
|
0-0: Called Strike 0-1: Ground out 6-3 (Groundball, 6MS, EV 84.4 MPH)
|
Bottom of the 3rd over - 2 runs, 2 hits, 1 error, 1 left on base; Elizabethton 0 - Greeneville 3 |
TOP OF THE 4TH |
Elizabethton Twins batting - Pitching for Greeneville Astros : LHP Mike Holloway
|
Batting: SHB Dan Morataya
|
0-0: Ball 1-0: Ball 2-0: Foul Ball, location: 2F 2-1: Foul Ball, location: 2F 2-2: Foul Ball, location: 2F 2-2: Ground out 5-3 (Groundball, 56S, EV 68.1 MPH)
|
Batting: RHB Rick Kendall
|
0-0: Swinging Strike 0-1: Ball 1-1: Swinging Strike 1-2: Strikes out swinging
|
Batting: SHB Chris Hull
|
0-0: Ball 1-0: SINGLE (Line Drive, 78S, EV 100.0 MPH)
|
Batting: RHB Jon Hice
|
0-0: Ball 1-0: Called Strike 1-1: DOUBLE (Line Drive, 9LS, EV 109.4 MPH) Chris Hull to third
|
Batting: RHB Alex Belton
|
0-0: Foul Ball, location: 2F 0-1: Foul Ball, location: 2F 0-2: Ball 1-2: Foul Ball, location: 2F 1-2: Foul Ball, location: 2F 1-2: Ball 2-2: Ball 3-2: SINGLE (Groundball, 34D, EV 100.0 MPH) Chris Hull scores Jon Hice to third
|
Batting: RHB Aaron Dusch
|
0-0: Called Strike 0-1: Ball 1-1: Ball 2-1: Foul Ball, location: 2F 2-2: Strikes out looking
|
Top of the 4th over - 1 run, 3 hits, 0 errors, 2 left on base; Elizabethton 1 - Greeneville 3 |
BOTTOM OF THE 4TH |
Greeneville Astros batting - Pitching for Elizabethton Twins : RHP Andrew Rich
|
Batting: RHB Guo-ning Chen
|
0-0: Ball 1-0: Ball 2-0: Called Strike 2-1: Foul Ball, location: 2F 2-2: Ground out 4-3 (Groundball, 4, EV 89.4 MPH)
|
Batting: LHB Bruce Arvizu
|
0-0: TRIPLE (Flyball, 9LD, EV 95.0 MPH)
|
Batting: LHB Danny Wolver
|
0-0: Ball 1-0: Foul Ball, location: 2F 1-1: Ball 2-1: Foul Ball, location: 2F 2-2: Fly out, F7 (Flyball, 78S, EV 90.6 MPH) Runner from 3rd tags up, SCORES, throw by LF
|
Batting: LHB Josh Birkner
|
0-0: Foul Ball, location: 2F 0-1: Ball 1-1: Called Strike 1-2: Ball 2-2: Foul Ball, location: 2F 2-2: Foul Ball, location: 2F 2-2: Ground out 4-3 (Groundball, 4, EV 103.1 MPH)
|
Bottom of the 4th over - 1 run, 1 hit, 0 errors, 0 left on base; Elizabethton 1 - Greeneville 4 |
TOP OF THE 5TH |
Elizabethton Twins batting - Pitching for Greeneville Astros : LHP Mike Holloway
|
Batting: RHB Nick Phipps
|
0-0: SOLO HOME RUN (Flyball, 7LD, EV 91.9 MPH), Distance : 349 ft
|
Batting: LHB David Campbell
|
0-0: Called Strike 0-1: Called Strike 0-2: Foul Ball, location: 2F 0-2: Foul Ball, location: 2F 0-2: Foul Ball, location: 2F 0-2: Foul Ball, location: 2F 0-2: Ball 1-2: Ball 2-2: Ground out 6-3 (Groundball, 6, EV 82.5 MPH)
|
Batting: RHB Andrew Nicol
|
0-0: Called Strike 0-1: Ground out 6-3 (Groundball, 6MS, EV 76.2 MPH)
|
Batting: SHB Dan Morataya
|
0-0: Ball 1-0: Swinging Strike 1-1: Fly out, F7 (Flyball, 7, EV 80.6 MPH)
|
Top of the 5th over - 1 run, 1 hit, 0 errors, 0 left on base; Elizabethton 2 - Greeneville 4 |
BOTTOM OF THE 5TH |
Greeneville Astros batting - Pitching for Elizabethton Twins : RHP Andrew Rich
|
Batting: SHB Chris Keziah
|
0-0: Called Strike 0-1: Foul Ball, location: 2F 0-2: Ground out 4-3 (Groundball, 4, EV 93.1 MPH)
|
Batting: RHB Nate Britton
|
0-0: Ball 1-0: Ball 2-0: Foul Ball, location: 2F 2-1: Foul Ball, location: 2F 2-2: Ball 3-2: SINGLE (Line Drive, 6D, EV 98.8 MPH)
|
Batting: RHB Andrew Pride
|
0-0: Called Strike 0-1: Fly out, F7 (Flyball, 78D, EV 85.0 MPH)
|
Batting: SHB Miguel Sierra
|
0-0: Swinging Strike 0-1: 2-RUN HOME RUN (Line Drive, 9D, EV 103.1 MPH), Distance : 369 ft
|
Pitching: RHP Jose Cotto
|
|
Batting: RHB To-wai Chen
|
0-0: Ground out 6-3 (Groundball, 6, EV 86.2 MPH)
|
Bottom of the 5th over - 2 runs, 2 hits, 0 errors, 0 left on base; Elizabethton 2 - Greeneville 6 |
TOP OF THE 6TH |
Elizabethton Twins batting - Pitching for Greeneville Astros : LHP Mike Holloway
|
Batting: RHB Rick Kendall
|
0-0: Swinging Strike 0-1: Called Strike 0-2: Ball 1-2: Ball 2-2: Strikes out swinging
|
Batting: SHB Chris Hull
|
0-0: Ball 1-0: Ball 2-0: SINGLE (Line Drive, 89M, EV 106.9 MPH)
|
Batting: RHB Jon Hice
|
0-0: Ball 1-0: Ball 2-0: Ball 3-0: Base on Balls Chris Hull to second
|
Batting: RHB Alex Belton
|
0-0: Ball 1-0: Ball 2-0: Called Strike 2-1: Foul Ball, location: 2F 2-2: Fielders Choice at 2nd, 1-4 (Groundball, 25, EV 72.5 MPH) Chris Hull to third
|
Pitching: RHP Russ Greer
|
|
Batting: RHB Aaron Dusch
|
0-0: Called Strike 0-1: Ball 1-1: Foul Ball, location: 2F 1-2: Strikes out looking
|
Top of the 6th over - 0 runs, 1 hit, 0 errors, 2 left on base; Elizabethton 2 - Greeneville 6 |
BOTTOM OF THE 6TH |
Greeneville Astros batting - Pitching for Elizabethton Twins : RHP Jose Cotto
|
Batting: RHB Guo-ning Chen
|
0-0: Ball 1-0: Foul Ball, location: 2F 1-1: Ball 2-1: Ball 3-1: SINGLE (Line Drive, 5L, EV 98.8 MPH)
|
Batting: LHB Bruce Arvizu
|
0-0: Ball 1-0: Called Strike 1-1: DOUBLE (Line Drive, 5D, EV 95.0 MPH) Guo-ning Chen to third Runner from 3rd tries for Home, SAFE, throw by LF to home
|
Batting: LHB Danny Wolver
|
0-0: Foul Ball, location: 2F 0-1: Ball 1-1: SINGLE (Line Drive, 78S, EV 93.1 MPH) Bruce Arvizu to third Runner from 3rd tries for Home, SAFE, throw by LF to home
|
Batting: LHB Josh Birkner
|
0-0: Ball Danny Wolver steals 2nd base 1-0: Foul Ball, location: 2F 1-1: Foul Ball, location: 2F 1-2: Ball 2-2: Strikes out looking
|
Batting: SHB Chris Keziah
|
0-0: Ball Danny Wolver is caught stealing 3rd base 2-5 1-0: Called Strike 1-1: Ball 2-1: Foul Ball, location: 2F 2-2: Foul Ball, location: 2F 2-2: Fly out, F9 (Flyball, 89XD, EV 96.9 MPH)
|
Bottom of the 6th over - 2 runs, 3 hits, 0 errors, 0 left on base; Elizabethton 2 - Greeneville 8 |
TOP OF THE 7TH |
Elizabethton Twins batting - Pitching for Greeneville Astros : RHP Russ Greer
|
Batting: RHB Nick Phipps
|
0-0: Foul Ball, location: 2F 0-1: Ball 1-1: Ground out 6-3 (Groundball, 6, EV 107.5 MPH)
|
Batting: LHB David Campbell
|
0-0: Ball 1-0: Ball 2-0: Ball 3-0: Called Strike 3-1: Base on Balls
|
Batting: RHB Andrew Nicol
|
0-0: Ball 1-0: Ball 2-0: Called Strike 2-1: Called Strike 2-2: Ball 3-2: Foul Ball, location: 2F 3-2: Foul Ball, location: 2F 3-2: Fly out, F3 (Popup, 3F, EV 56.9 MPH)
|
Batting: SHB Dan Morataya
|
0-0: SINGLE (Groundball, 34D, EV 98.1 MPH) David Campbell to second Runner from 2nd tries for 3rd, SAFE, no throw by RF
|
Batting: RHB Rick Kendall
|
0-0: Ball 1-0: Ball 2-0: Ball 3-0: Called Strike 3-1: Base on Balls Dan Morataya to second
|
Batting: SHB Chris Hull
|
0-0: Ground out 3-1 (Groundball, 34S, EV 85.6 MPH)
|
Top of the 7th over - 0 runs, 1 hit, 0 errors, 3 left on base; Elizabethton 2 - Greeneville 8 |
BOTTOM OF THE 7TH |
Greeneville Astros batting - Pitching for Elizabethton Twins : RHP Jose Cotto
|
Batting: RHB Nate Britton
|
0-0: Ball 1-0: Ball 2-0: Foul Ball, location: 2F 2-1: Called Strike 2-2: Ball 3-2: Foul Ball, location: 2F 3-2: Base on Balls
|
Batting: RHB Andrew Pride
|
0-0: Swinging Strike 0-1: Ball Wild Pitch! Nate Britton to second 1-1: SINGLE (Groundball, 56D, EV 101.9 MPH) Nate Britton to third
|
Batting: SHB Miguel Sierra
|
0-0: Called Strike 0-1: Ball 1-1: Ball 2-1: Foul Ball, location: 2F 2-2: Ball 3-2: Foul Ball, location: 2F 3-2: Fly out, F4 (Popup, 4S, EV 78.1 MPH)
|
Batting: RHB To-wai Chen
|
Pickoff Throw to First - Out! 1-3 0-0: Ball 1-0: Ball 2-0: Called Strike 2-1: Ground out U3 (Groundball, 34, EV 85.6 MPH)
|
Bottom of the 7th over - 0 runs, 1 hit, 0 errors, 1 left on base; Elizabethton 2 - Greeneville 8 |
TOP OF THE 8TH |
Elizabethton Twins batting - Pitching for Greeneville Astros : RHP Russ Greer
|
Batting: RHB Jon Hice
|
0-0: Ball 1-0: Ball 2-0: Ball 3-0: Base on Balls
|
Batting: RHB Alex Belton
|
0-0: Fielders Choice at 2nd, 3-6 (Groundball, 34, EV 100.6 MPH)
|
Pitching: RHP James Browning
|
|
Batting: RHB Aaron Dusch
|
0-0: Foul Ball, location: 2F 0-1: Called Strike 0-2: Ball 1-2: SINGLE (Groundball, 56D, EV 103.8 MPH) Alex Belton to second
|
Batting: RHB Nick Phipps
|
0-0: Foul Ball, location: 2F 0-1: Fly out, F9 (Flyball, 89D, EV 93.1 MPH) Runner from 2nd tags up, SAFE at 3rd, no throw by RF
|
Batting: LHB David Campbell
|
0-0: Ball 1-0: Fielders Choice at 2nd, 6-4 (Groundball, 56, EV 102.5 MPH)
|
Top of the 8th over - 0 runs, 1 hit, 0 errors, 2 left on base; Elizabethton 2 - Greeneville 8 |
BOTTOM OF THE 8TH |
Greeneville Astros batting - Pitching for Elizabethton Twins : RHP Jose Cotto
|
Pitching: RHP Jorge Corte
|
|
Batting: RHB Guo-ning Chen
|
0-0: SINGLE (Groundball, 56, EV 96.2 MPH)
|
Batting: LHB Bruce Arvizu
|
0-0: Ball 1-0: Ball 2-0: Ball 3-0: Called Strike 3-1: Base on Balls Guo-ning Chen to second
|
Batting: LHB Danny Wolver
|
0-0: Foul Ball, location: 2F 0-1: DOUBLE (Flyball, 89D, EV 89.4 MPH) Guo-ning Chen scores Bruce Arvizu to third
|
Batting: LHB Josh Birkner
|
0-0: Called Strike 0-1: Called Strike 0-2: Ball 1-2: Foul Ball, location: 2F 1-2: Ball 2-2: Fly out, F5 (Popup, 25F, EV 75.6 MPH)
|
Batting: SHB Chris Keziah
|
0-0: Ball 1-0: Called Strike 1-1: Swinging Strike 1-2: Foul Ball, location: 2F 1-2: Ball 2-2: Foul Ball, location: 2F 2-2: Ball Wild Pitch! Bruce Arvizu scores Danny Wolver to third 3-2: TRIPLE (Line Drive, 78XD, EV 100.0 MPH) Danny Wolver scores
|
Batting: RHB Nate Britton
|
0-0: Ball 1-0: Ball 2-0: Ball 3-0: Called Strike 3-1: Called Strike 3-2: Ground out 6-3 (Groundball, 56, EV 98.8 MPH) Chris Keziah scores
|
Batting: RHB Andrew Pride
|
0-0: Called Strike 0-1: Ball 1-1: Swinging Strike 1-2: Ball 2-2: Strikes out looking
|
Bottom of the 8th over - 4 runs, 3 hits, 0 errors, 0 left on base; Elizabethton 2 - Greeneville 12 |
TOP OF THE 9TH |
Elizabethton Twins batting - Pitching for Greeneville Astros : RHP James Browning
|
Batting: RHB Andrew Nicol
|
0-0: Ball 1-0: Foul Ball, location: 2F 1-1: DOUBLE (Flyball, 8LXD, EV 115.0 MPH)
|
Batting: SHB Dan Morataya
|
0-0: Ball 1-0: Foul Ball, location: 2F 1-1: Ball 2-1: Foul Ball, location: 2F 2-2: Ball 3-2: Base on Balls
|
Pinch Hitting: RHB Miguel Cardona
|
0-0: Grounds into double play, 4-6-3 (Groundball, 34D, EV 90.6 MPH) Andrew Nicol to third
|
Pinch Hitting: RHB Keith Nix
|
0-0: Called Strike 0-1: Called Strike 0-2: Strikes out swinging
|
Top of the 9th over - 0 runs, 1 hit, 0 errors, 1 left on base; Elizabethton 2 - Greeneville 12 |
|